 Dungeon Crawl Stone Soup version 0.31.0-32-g396128a36d (webtiles) character file.

Game seed: 7526225366084048700

32061 Eolas the Gelid (level 13, -3/75 HPs)
             Began as a Gargoyle Ice Elementalist on Mar 29, 2024.
             Was a High Priest of Vehumet.
             Slain by a +1 antimagic glaive (11 damage)
             ... on level 1 of the Elven Halls.
             The game lasted 01:47:41 (15379 turns).

Eolas the Gelid (Gargoyle Ice Elementalist)        Turns: 15379, Time: 01:47:41

Health: -3/75      AC: 29    Str: 12    XL:     13   Next: 62%
Magic:  9/37       EV: 13    Int: 21    God:    Vehumet [*****.]
Gold:   939        SH:  5    Dex: 10    Spells: 19/34 levels left

rFire   + . .        f - staff of fire
rCold   . . .        (no shield)
rNeg    + . .        j - +2 robe
rPois   ∞            (no helmet)
rElec   +            r - +0 cloak
rCorr   +            l - +1 pair of gloves
SInv    .            k - +2 pair of boots
Will    .....        b - amulet of reflection
Stlth   +            G - ring of magical power
HPRegen 0.32/turn    F - ring of resist corrosion
MPRegen 0.25/turn

%: reflection
@: on fire, ice-armoured, slowed, glowing, very slow
A: sickness immunity, AC +9, negative energy resistance 1, electricity
resistance, torment resistance 1, petrification resistance
a: Renounce Religion


You were on level 1 of the Elven Halls.
You worshipped Vehumet.
Vehumet was extremely pleased with you.
You visited 4 branches of the dungeon, and saw 15 of its levels.
You also visited: Ossuary.

You collected 1493 gold pieces.
You spent 554 gold pieces at shops.

Inventory:

Armour
 j - a +2 robe (worn)
 k - a +2 pair of boots (worn)
 l - a +1 pair of gloves (worn)
 r - a +0 cloak (worn)
Magical Staves
 f - a staff of fire (weapon)
Jewellery
 b - an amulet of reflection (around neck)
 n - a +5 ring of evasion
 B - a ring of fire
 D - an amulet of faith
 F - a ring of resist corrosion (right hand)
 G - a ring of magical power (left hand)
Wands
 o - a wand of digging (4)
 E - a wand of iceblast (2)
Scrolls
 a - a scroll of revelation
 d - a scroll of fear
 g - 6 scrolls of teleportation
 i - 4 scrolls of identify
 s - 2 scrolls of fog
 t - a scroll of enchant weapon
 v - a scroll of silence
 y - a scroll of amnesia
 H - a scroll of enchant armour
 I - a scroll of vulnerability
Potions
 e - 4 potions of curing
 h - 3 potions of invisibility
 m - 15 potions of degeneration
 p - 4 potions of brilliance
 q - 3 potions of mutation
 u - 2 potions of magic
 w - 2 potions of attraction
 x - a potion of lignification
 z - a potion of haste
 A - 2 potions of enlightenment
 C - a potion of ambrosia


   Skills:
 * Level 6.5 Fighting
 - Level 5.0 Staves
 - Level 5.0 Dodging
 - Level 2.2 Stealth
 - Level 11.0 Spellcasting
 - Level 7.0 Conjurations
 + Level 15.3 Ice Magic
 - Level 4.0 Air Magic
 * Level 2.8 Evocations


You had 19 spell levels left.
You knew the following spells:

 Your Spells              Type           Power      Damage    Failure   Level
a - Freeze                Ice            100%       1d10      0%          1
b - Ozocubu's Armour      Ice            66%        N/A       1%          3
c - Frozen Ramparts       Ice            100%       1d16      1%          3
d - Hailstorm             Conj/Ice       55%        3d11      1%          3
e - Freezing Cloud        Conj/Ice/Air   24%        6-21      1%          5

Your spell library contained the following spells:

 Spells                   Type           Power      Damage    Failure   Level
 Arcjolt                  Conj/Air       17%        1d27      4%          5
 Summon Ice Beast         Ice/Summ       43%        N/A       1%          3
 Necrotise                Necr           44%        1d6       6%          1
 Ignite Poison            Fire/Alch      17%        N/A       16%         4
 Vampiric Draining        Necr           11%        2d6       17%         3
 Martyr's Knell           Necr/Summ      11%        N/A       50%         4
 Curse of Agony           Necr           11%        N/A       85%         5
 Cigotuvi's Dreadful Rot  Necr/Alch/Air  Unusable   N/A       N/A         2

Dungeon Overview and Level Annotations

Branches:
Dungeon (11/15)            Temple (1/1) D:6            Lair (0/5) D:10
    Orc (2/2) D:10            Elf (1/3) Orc:2       Ossuary (visited)

Altars:
Ashenzari
Cheibriados
Dithmenos
Elyvilon
Fedhas
Gozag
Hepliaklqana
Kikubaaqudgha
Makhleb
Nemelex Xobeh
Okawaru
Qazlal
Ru
Sif Muna
Trog
Uskayaw
Vehumet
Wu Jian
Xom
Yredelemnul
Zin
The Shining One

Shops:
D:5 (:[   Orc:2 ?*[

Annotations:
D:5 2 transporters, seawaffle's ghost, novice MiBe


Innate Abilities, Weirdness & Mutations

You are immune to sickness and miasma.
Your stone body is resilient. (AC +9)
You are immune to poison.
You resist negative energy. (rN+)
You are resistant to electric shocks. (rElec)
You are resistant to unholy torment.
You are immune to petrification.


Message History

The +1 antimagic glaive hits you from afar.
You feel your power leaking away.
The deep elf zephyrmancer is engulfed in freezing vapours.
The deep elf zephyrmancer points at you and mumbles some strange words.
The bolt of lightning hits the +1 antimagic glaive.
The +1 antimagic glaive completely resists.
The bolt of lightning hits you! You resist. The heat melts your icy armour.
Okay, then.
Casting: Freezing Cloud (dangerous; 1% risk of failure)
Confirm with . or Enter, or press ? or * to list all spells.
Your icy armour thickens.
The liquid fire burns you!
* * * LOW HITPOINT WARNING * * *
The deep elf archer is engulfed in freezing vapours.
You kill the deep elf archer!
Vehumet accepts your kill.
The +1 antimagic glaive hits you but does no damage.
The deep elf zephyrmancer is engulfed in freezing vapours.
The +1 antimagic glaive is engulfed in freezing vapours.
The +1 antimagic glaive closely misses you.
The heat melts your icy armour.
Okay, then.
Casting: Ozocubu's Armour (safe; 1% risk of failure)
Confirm with . or Enter, or press ? or * to list all spells.
You can't see any susceptible monsters within range! (Use Z to cast anyway.)
Casting: Ozocubu's Armour (safe; 1% risk of failure)
Confirm with . or Enter, or press ? or * to list all spells.
Aiming: Freezing Cloud (dangerous; 1% risk of failure)
Press: ? - help, Dir - move target The liquid fire burns you!
* * * LOW HITPOINT WARNING * * *
The deep elf zephyrmancer is engulfed in freezing vapours.
You kill the deep elf zephyrmancer!
Vehumet accepts your kill.
The +1 antimagic glaive is engulfed in freezing vapours.
You block the +1 antimagic glaive's attack.
The +1 antimagic glaive is engulfed in freezing vapours.
The +1 antimagic glaive hits you from afar!
You die...

#..8.....#
##...§§§..##
#....§§§§..#
.....§§§○..#
#.8§☼§§§8..#
#..§§.§(§..#
#..§§§8....#
...§§○.@§..#
#..°☼§8°§..#
#[.§§§☼.§..#
#.8.§§§°8§.#
....§§§§§§§#
#...§§§§§§.#
##...§..§.##
#..8.....#


You could see a +1 antimagic glaive.

Vanquished Creatures
  An orc warlord (Orc:2)
  The ghost of MollyMolluskus the Martial Artist, a journeyman OpFi of Wu Jian (D:10)
  4 ogre magi (Orc:2)
  12 two-headed ogres
  An orc high priest (Orc:2)
  Sonja (Orc:2)
  A deep elf knight (Elf:1)
  3 deep elf archers (Elf:1)
  4 deep elf pyromancers
  4 deep elf zephyrmancers (Elf:1)
  5 orc knights (Orc:2)
  An orc sorcerer (Orc:2)
  The ghost of yey the Cleaver, a novice DrFi (D:8)
  Maggie (D:6)
  3 trolls
  A queen bee (D:8)
  A hornet (D:8)
  A wraith (D:10)
  13 yaks (D:10)
  2 wyverns
  11 wargs
  27 orc warriors
  3 sky beasts
  9 ogres
  2 wolves (D:10)
  2 centaurs
  A phantom (D:4)
  2 kobold brigands (D:8)
  4 bullfrogs
  2 scorpions
  2 gnoll sergeants
  9 wights
  12 killer bees
  5 howler monkeys
  A bombardier beetle (D:4)
  6 jellies
  A hound (D:5)
  A sleepcap (D:5)
  15 orc priests
  A gnoll bouda (D:8)
  Jessica (D:2)
  4 iguanas
  11 orc wizards
  8 mummies (Ossuary)
  15 gnolls
  2 adders
  3 white imps
  2 ufetubi (D:5)
  2 ribbon worms
  2 dart slugs (D:3)
  85 orcs
  5 bats
  3 endoplasms
  2 giant cockroaches
  A gnoll zombie (Ossuary)
  5 goblins
  9 hobgoblins
  4 jackals
  3 quokkas
  10 ball pythons
  A frilled lizard (D:1)
  3 hobgoblin zombies (Ossuary)
  18 kobolds
  A kobold zombie (Ossuary)
  3 orc zombies (Ossuary)
  2 rats
382 creatures vanquished.

Vanquished Creatures (others)
  A deep elf pyromancer (Elf:1)
1 creature vanquished.

Grand Total: 383 creatures vanquished

Notes
Turn   | Place    | Note
-------+----------+-------------------------------------------
     0 | D:1      | Eolas the Gargoyle Ice Elementalist began the quest for the
                  | Orb.
     0 | D:1      | Reached XP level 1. HP: 10/10 MP: 3/3
   176 | D:1      | Reached XP level 2. HP: 15/15 MP: 0/5
   773 | D:2      | Found a radiant altar of Vehumet.
   781 | D:2      | Became a worshipper of Vehumet
  1098 | D:2      | Reached XP level 3. HP: 18/19 MP: 0/6
  1158 | D:2      | Learned a level 3 spell: Ozocubu's Armour
  1428 | D:2      | Noticed Jessica
  1435 | D:2      | Killed Jessica
  1436 | D:2      | Reached skill level 5 in Ice Magic
  1436 | D:2      | Reached XP level 4. HP: 21/24 MP: 3/8
  2213 | D:3      | Reached * piety under Vehumet
  2213 | D:3      | Offered knowledge of Sandblast by Vehumet.
  2398 | D:3      | Reached skill level 1 in Fighting
  2409 | D:3      | Reached XP level 5. HP: 29/29 MP: 1/9
  2559 | D:3      | Learned a level 3 spell: Frozen Ramparts
  2959 | D:3      | Found a basalt altar of Yredelemnul.
  3102 | D:4      | Noticed a phantom
  3138 | D:4      | Killed a phantom
  3139 | D:4      | Reached XP level 6. HP: 18/35 MP: 5/11
  3224 | D:4      | Found a radiant altar of Vehumet.
  3426 | D:4      | Reached skill level 6 in Ice Magic
  3779 | D:4      | Offered knowledge of Searing Ray by Vehumet.
  3879 | D:4      | Reached ** piety under Vehumet
  4152 | D:5      | Entered Level 5 of the Dungeon
  4152 | D:5      | Found Ceon's Weapon Shoppe.
  4152 | D:5      | Found Idaffy's Book Shoppe.
  4152 | D:5      | Found Biyco's Armour Shoppe.
  4220 | D:5      | Found a sacrificial altar of Ru.
  4223 | D:5      | Found a transporter.
  4243 | D:5      | Reached XP level 7. HP: 25/40 MP: 4/12
  4369 | D:5      | Reached skill level 7 in Ice Magic
  4377 | D:5      | Reached skill level 1 in Staves
  4476 | D:5      | Noticed seawaffle's ghost (novice MiBe)
  4491 | D:5      | Found a transporter.
  5116 | D:6      | Noticed a wyvern
  5127 | D:6      | Killed a wyvern
  5128 | D:6      | Reached XP level 8. HP: 46/46 MP: 3/14
  5240 | D:6      | Reached skill level 8 in Ice Magic
  5476 | D:6      | Reached skill level 5 in Spellcasting
  5569 | D:6      | Noticed Maggie
  5580 | D:6      | Killed Maggie
  5800 | D:6      | Offered knowledge of Hailstorm by Vehumet.
  5805 | D:6      | Learned a level 3 spell: Hailstorm
  5973 | D:6      | Found a staircase to the Ecumenical Temple.
  6023 | Temple   | Entered the Ecumenical Temple
  6164 | D:7      | Reached skill level 9 in Ice Magic
  6167 | D:7      | Reached skill level 1 in Conjurations
  6167 | D:7      | Reached XP level 9. HP: 28/50 MP: 0/17
  6250 | D:7      | Found a sand-covered staircase.
  6258 | Ossuary  | Entered an ossuary
  6270 | Ossuary  | Reached *** piety under Vehumet
  7019 | D:7      | Offered knowledge of Sticky Flame by Vehumet.
  8021 | D:5      | Bought a Trismegistus Codex for 392 gold pieces
  8027 | D:5      | Learned a level 5 spell: Freezing Cloud
  8141 | D:8      | Found an ornate altar of the Wu Jian Council.
  8283 | D:8      | Reached skill level 1 in Air Magic
  8286 | D:8      | Reached skill level 10 in Ice Magic
  8292 | D:8      | Noticed a two-headed ogre
  8315 | D:8      | Killed a two-headed ogre
  8320 | D:8      | Reached XP level 10. HP: 37/56 MP: 3/19
  8341 | D:8      | Reached **** piety under Vehumet
  8533 | D:8      | Offered knowledge of Airstrike by Vehumet.
  8558 | D:8      | Found a stormy altar of Qazlal.
  8586 | D:8      | Found a transporter.
  8590 | D:8      | Found a transporter.
  8590 | D:8      | Noticed yey's ghost (novice DrFi)
  8733 | D:8      | Killed yey's ghost
  8734 | D:8      | Reached skill level 11 in Ice Magic
  9490 | D:9      | Reached skill level 5 in Conjurations
  9593 | D:9      | Noticed a deep elf pyromancer
  9604 | D:9      | Killed a deep elf pyromancer
  9813 | D:9      | Found a hazy altar of Hepliaklqana.
 10187 | D:10     | Entered Level 10 of the Dungeon
 10203 | D:10     | Found a staircase to the Orcish Mines.
 10206 | D:10     | Found a runed translucent door.
 10211 | D:10     | Noticed MollyMolluskus's ghost (journeyman OpFi)
 10223 | D:10     | Killed MollyMolluskus's ghost
 10418 | D:10     | Reached XP level 11. HP: 60/60 MP: 24/24
 10453 | D:10     | Found a shadowy altar of Dithmenos.
 10464 | D:10     | Found a burning altar of Makhleb.
 10465 | D:10     | Found a bloodstained altar of Trog.
 10465 | D:10     | Found a white marble altar of Elyvilon.
 10988 | D:10     | Noticed a two-headed ogre
 10994 | D:10     | Killed a two-headed ogre
 10995 | D:10     | Reached skill level 10 in Spellcasting
 11098 | D:10     | Noticed a two-headed ogre
 11100 | D:10     | Reached ***** piety under Vehumet
 11101 | D:10     | Offered knowledge of Irradiate by Vehumet.
 11107 | D:10     | Killed a two-headed ogre
 11320 | D:10     | Noticed a two-headed ogre
 11328 | D:10     | Killed a two-headed ogre
 11998 | D:10     | Found a staircase to the Lair.
 12250 | Orc:1    | Entered Level 1 of the Orcish Mines
 12530 | Orc:2    | Entered Level 2 of the Orcish Mines
 12530 | Orc:2    | Noticed an orc sorcerer
 12536 | Orc:2    | Killed an orc sorcerer
 12806 | Orc:2    | Noticed an orc high priest
 12838 | Orc:2    | Reached skill level 5 in Fighting
 12865 | Orc:2    | Killed an orc high priest
 12866 | Orc:2    | Reached XP level 12. HP: 40/68 MP: 22/27
 13195 | Orc:2    | Noticed Sonja
 13198 | Orc:2    | Killed Sonja
 13214 | Orc:2    | Reached skill level 12 in Ice Magic
 13305 | Orc:2    | Offered knowledge of Arcjolt by Vehumet.
 13341 | Orc:2    | Found a staircase to the Elven Halls.
 13451 | Orc:2    | Noticed a two-headed ogre
 13457 | Orc:2    | Killed a two-headed ogre
 13649 | Orc:2    | Noticed an ogre mage
 13655 | Orc:2    | Killed an ogre mage
 13656 | Orc:2    | Reached skill level 5 in Dodging
 13723 | Orc:2    | Noticed a two-headed ogre
 13729 | Orc:2    | Killed a two-headed ogre
 13730 | Orc:2    | Reached skill level 13 in Ice Magic
 13835 | Orc:2    | Found Uta Roll's Assorted Antiques.
 13835 | Orc:2    | Found Kofofu Soqa's Armour Shop.
 13966 | Orc:2    | Bought a scroll labelled SUMOGH ZESMIWK for 24 gold pieces
 14032 | Orc:2    | Noticed an ogre mage
 14038 | Orc:2    | Paralysed by something for 4 turns
 14039 | Orc:2    | Killed an ogre mage
 14161 | Orc:2    | Noticed a two-headed ogre
 14174 | Orc:2    | Killed a two-headed ogre
 14185 | Orc:2    | Noticed an ogre mage
 14191 | Orc:2    | Killed an ogre mage
 14302 | Orc:2    | Reached skill level 14 in Ice Magic
 14313 | Orc:2    | Noticed a two-headed ogre
 14315 | Orc:2    | Noticed a two-headed ogre
 14321 | Orc:2    | Killed a two-headed ogre
 14322 | Orc:2    | Reached XP level 13. HP: 39/72 MP: 8/28
 14359 | Orc:2    | Reached skill level 15 in Ice Magic
 14793 | Orc:2    | Noticed an orc warlord
 14822 | Orc:2    | Killed an orc warlord
 14823 | Orc:2    | Reached skill level 1 in Evocations
 15169 | Orc:2    | Found Sucwaot's Magic Scroll Shop.
 15175 | Orc:2    | Bought a scroll of revelation for 90 gold pieces
 15175 | Orc:2    | Bought a scroll of vulnerability for 48 gold pieces
 15368 | Elf:1    | Entered Level 1 of the Elven Halls
 15377 | Elf:1    | Reached skill level 5 in Staves
 15379 | Elf:1    | Slain by a +1 antimagic glaive

Illustrated notes

Levels and vault maps discovered:
D:1:      reono_arrival_forest_river, layout_basic
D:2:      layout_loops_corners, basic_altar, minmay_cut_off, uniq_jessica
D:3:      layout_loops_ring, nicolae_overflow_hidden_temple
D:4:      layout_layer_cave, old_standard_altar, minmay_statues_item
D:5:      layout_basic, nicolae_ru_sacrificial_ziggurat,
          gammafunk_ghost_stat_death, nicolae_shop_distant_corner_stores,
          st_stairs_14
D:6:      layout_basic, temple_statues, uniq_maggie
D:7:      layout_cave_pools, enter_bailey_7, nicolae_ossuary_entry_plus
D:8:      layout_basic, nicolae_qazlal_general_emergency,
          mainiacjoe_overflow_catwalk, gammafunk_ghost_hive, serial_park_tiny_1
D:9:      layout_rooms, kennysheep_mini
D:10:     layout_layer_cave, mainiacjoe_overflow_alcove_3,
          erik_lair_orcish_takeover, orc_0_dummy, ebering_ghost_reflecting_pool
D:11:     kennysheep_kobold_lugonu_temple, layout_basic
Temple:   nicolae_temple_slightly_damp_pantheon
Orc:1:    layout_diamond_mine
Orc:2:    st_orc_town, layout_caves, nicolae_orc_stony_grotto,
          minmay_orc_barracks, uniq_sonja
Elf:1:    elf_arrival_002, layout_geoelf_diagonals, serial_glass,
          glass_columns_a, glass_columns_a, glass_columns_b, glass_columns_b,
          glass_columns_a, glass_columns_c, feat_on_display, item_on_display_a,
          evilmike_minifort

Skill      XL: |  1  2  3  4  5  6  7  8  9 10 11 12 13 |
---------------+----------------------------------------+-----
Ice Magic      | 5 6 7 9 10 11 14 15 | 15.3
Fighting       | 1 2 3 5 6 |  6.5
Spellcasting   | 3 4 5 6 9 11 | 11.0
Staves         | 2 3 4 5 |  5.0
Conjurations   | 1 3 5 6 7 |  7.0
Air Magic      | 2 3 4 |  4.0
Dodging        | 5 |  5.0
Evocations     | 2 |  2.8
Stealth        | |  2.2

Action                     |  1- 3 |  4- 6 |  7- 9 | 10-12 | 13-15 || total
---------------------------+-------+-------+-------+-------+-------++-------
  Melee: Unarmed           |     8 |       |       |       |       ||     8
         Whip              |     2 |       |       |       |     3 ||     5
         Staff             |       |    20 |   102 |    31 |       ||   153
         Punch             |       |       |     1 |       |       ||     1
   Cast: Freeze            |    46 |    80 |   108 |   141 |     8 ||   383
         Ozocubu's Armour  |       |     3 |    24 |    46 |     9 ||    82
         Frozen Ramparts   |       |     9 |    36 |    74 |     9 ||   128
         Hailstorm         |       |       |     6 |    12 |       ||    18
         Freezing Cloud    |       |       |     2 |    57 |    29 ||    88
    Use: Scroll            |       |    14 |     1 |    10 |     1 ||    26
         Potion            |       |     2 |     4 |     2 |     1 ||     9
 Armour: Robe              |    22 |    36 |    70 |   142 |    28 ||   298
  Dodge: Dodged            |    22 |    88 |   124 |   144 |    24 ||   402
  Block: Other             |       |       |    35 |    52 |     6 ||    93
         Reflection        |       |       |     1 |     6 |     3 ||    10
